 Dungeon Crawl Stone Soup version 0.22-a0-571-g4a923d4 (webtiles) character file.

110 Gildeon the Insei (level 4, -1/28 HPs)
             Began as an Octopode Transmuter on July 1, 2018.
             Slain by an orc wizard
             ... wielding a +0 dagger
              (4 damage)
             ... on level 3 of the Dungeon.
             The game lasted 00:11:07 (2463 turns).

Gildeon the Insei (Octopode Transmuter)             Turns: 2463, Time: 00:11:08

Health: -1/28      AC:  1    Str: 10    XL:     4   Next: 91%
Magic:  8/8        EV: 13    Int: 15    God:
Gold:   106        SH:  0    Dex: 12    Spells: 2/8 levels left

rFire    . . .     SeeInvis .     - Unarmed
rCold    . . .     Gourm    .   (no shield)
rNeg     . . .     Faith    .   (helmet restricted)
rPois    .         Spirit   .   (no amulet)
rElec    .         Reflect  .   (no ring)
rCorr    .         Harm     .   (no ring)
MR       .....                  (no ring)
Stlth    +++.......             (no ring)
HPRegen  0.09/turn              (no ring)
MPRegen  0.11/turn              (no ring)
                                (no ring)
                                (no ring)

@: appendage
A: almost no armour, stealthy swim, amphibious, 8 rings, constrict 8, tentacle
spike 3, camouflage 1, gelatinous body 1
a: End Transformation


You were on level 3 of the Dungeon.
You were not hungry.
One of your tentacles had a temporary spike.
You visited 1 branch of the dungeon, and saw 3 of its levels.

You collected 106 gold pieces.

Inventory:

Missiles
 a - 12 arrows
Scrolls
 d - a scroll of noise {unknown}
 i - 3 scrolls of identify
Potions
 e - a potion of magic
 f - 2 potions of might {unknown}
 g - a potion of degeneration {unknown}
 h - a potion of curing {unknown}
 j - 2 potions of heal wounds {unknown}
 l - a potion of haste {unknown}
Comestibles
 b - 10 chunks of flesh
 c - 3 rations


   Skills:
 - Level 1.0 Fighting
 - Level 2.0 Dodging
 + Level 2.8 Stealth
 + Level 3.8 Unarmed Combat
 + Level 2.8 Spellcasting
 + Level 2.9 Transmutations


You had 2 spell levels left.
You knew the following spells:

 Your Spells              Type           Power        Failure   Level  Hunger
a - Beastly Appendage     Tmut           ##....       6%          1    #......
b - Sticks to Snakes      Tmut           ##......     10%         2    ##.....
c - Spider Form           Tmut/Pois      #.........   34%         3    ###....

Your spell library contained the following spells:

 Spells                   Type           Power        Failure   Level  Hunger
 Blade Hands              Tmut           ##........   86%         5    ######.
 Ice Form                 Ice/Tmut       #.......     75%         4    #####..


Dungeon Overview and Level Annotations

Branches:
Dungeon (3/15)

Altars:


Innate Abilities, Weirdness & Mutations

You cannot wear most types of armour.
You are very stealthy in the water. (Stealth+)
You are amphibious.
You can wear up to eight rings at the same time.
You can use your tentacles to constrict eight enemies at once.
Your skin changes colour to match your surroundings (Stealth+).
Your rubbery body absorbs attacks. (AC +1, EV +1)
One of your tentacles bears a large vicious spike.


Message History

The orc wizard gestures at you while chanting.
The puff of flame hits you!
You see here a hand axe.
The orc wizard points at you and mumbles some strange words.
The puff of flame misses you.
Casting: Beastly Appendage (safe; 6% risk of failure)
Confirm with . or Enter, or press ? or * to list all spells.
One of your tentacles grows a vicious spike.
The orc wizard mumbles some strange words.
The orc wizard flickers and vanishes!
Deactivating autopickup; reactivate with Ctrl-A.
You closely miss something. Something completely misses you.
You tentacle-slap something. Something hits you but does no damage.
You miss something.
Your tentacle spike misses something.
Something hits you.
* * * LOW HITPOINT WARNING * * *
You miss something.
You pierce something.
Something completely misses you.
You closely miss something. Something hits you.
* * * LOW HITPOINT WARNING * * *
You miss something. Something hits you.
You die...

########.#######.########.##.#.##
....................o..).........
########.#######.####.###)##.#.#.
#.## #.####.###†# .# #..#
#.#.......o##.#... ##.##
#.#.....#........# #..#
#.#)....#......... ##.#
#.#.....#......... #########.##
##@#.....#......... ##..........#
#.......##.........
##)#######..###.......##.........
##.#.....#...##.......##.........
##.#..<#.#.#.##.......##.........
##...###.#.#..#.......# ...#.#
#.#.##.#.......#
##.#.###.#.##.#.......#
##.#.....#.##.........#


There were no monsters in sight!

Vanquished Creatures
  4 adders
  2 oozes
  4 dart slugs
  A leopard gecko (D:1)
  4 orcs (D:3)
  3 giant cockroaches
  7 goblins
  6 hobgoblins
  4 jackals (D:1)
  6 kobolds
  A quokka (D:3)
  4 bats
  3 frilled lizards
  5 rats
54 creatures vanquished.

Notes
Turn   | Place    | Note
-------+----------+-------------------------------------------
     0 | D:1      | Gildeon the Octopode Transmuter began the quest for the Orb.
     0 | D:1      | Reached XP level 1. HP: 13/13 MP: 3/3
   292 | D:1      | Reached skill level 1 in Stealth
   292 | D:1      | Reached XP level 2. HP: 14/18 MP: 3/5
   788 | D:1      | Reached XP level 3. HP: 8/23 MP: 4/6
  1531 | D:2      | Learned a level 2 spell: Sticks to Snakes
  1535 | D:2      | Learned a level 3 spell: Spider Form
  1659 | D:2      | Reached XP level 4. HP: 24/28 MP: 7/7
  2463 | D:3      | Slain by an orc wizard

Vault maps used:
D:1:      dpeg_arrival_shelter
D:2:      minmay_unequal
D:3:      first_ration

Skill      XL: |  1  2  3 |
---------------+----------+-----
Stealth        | 1 2 |  2.8
Fighting       | |  1.0
Dodging        | |  2.0
Unarmed Combat | |  3.8
Spellcasting   | |  2.8
Transmutations | |  2.9

Action                   |  1- 3 |  4- 6 || total
-------------------------+-------+-------++-------
Melee: Unarmed           |    69 |    41 ||   110
       Constrict         |    21 |    11 ||    32
       Kick              |     7 |     8 ||    15
       Tentacles         |     9 |     7 ||    16
       Punch             |     2 |       ||     2
 Cast: Beastly Appendage |     8 |     6 ||    14
  Use: Scroll            |       |     5 ||     5
 Stab: Sleeping          |     6 |     5 ||    11
  Eat: Ration            |     1 |     1 ||     2
Armor: Skin              |     2 |     6 ||     8
Dodge: Dodged            |    55 |    26 ||    81

Table legend:
 A = Spawn XP
 B = Non-spawn XP
 C = Spawn XP percentage of total XP
 D = Spawn monster count
 E = Non-spawn monster count
 F = Spawn count percentage of total count
 G = Total turns spent on level
                    A         B        C        D         E        F      G
               +---------+---------+-------+---------+---------+-------+---------
         Total |       0 |     158 |   0.0 |       0 |      54 |   0.0 |  2463
               +---------+---------+-------+---------+---------+-------+---------
           D:1 |       0 |      38 |   0.0 |       0 |      18 |   0.0 |  1128
           D:2 |       0 |      75 |   0.0 |       0 |      18 |   0.0 |   961
           D:3 |       0 |      45 |   0.0 |       0 |      18 |   0.0 |   374
               +---------+---------+-------+---------+---------+-------+---------
